TOP OF THE 1ST |
Houston 1837 BBC batting - Pitching for Buckhead Bowties : LHP Dale Hamilton
|
Pitching: LHP Dale Hamilton
|
|
Batting: RHB Krystof Melichar
|
0-0: TRIPLE (Flyball, 89XD, EV 98.8 MPH)
|
Batting: RHB Jesús Recesvinto
|
0-0: Swinging Strike 0-1: Swinging Strike 0-2: Ball 1-2: Strikes out swinging
|
Batting: LHB Javier Seco
|
0-0: Called Strike 0-1: Called Strike 0-2: Ball 1-2: Ball 2-2: Fly out, F7 (Flyball, 7LSF, EV 75.6 MPH)
|
Batting: RHB Min-gook Ch'oe
|
0-0: Called Strike 0-1: Ball 1-1: Called Strike 1-2: Strikes out swinging
|
Top of the 1st over - 0 runs, 1 hit, 0 errors, 1 left on base; Houston 0 - Buckhead 0 |
BOTTOM OF THE 1ST |
Buckhead Bowties batting - Pitching for Houston 1837 BBC : RHP Ean Somoza
|
Pitching: RHP Ean Somoza
|
|
Batting: SHB Nuygen Vuong
|
0-0: Called Strike 0-1: Called Strike 0-2: Foul Ball, location: 2F 0-2: Ball 1-2: Ball 2-2: Foul Ball, location: 2F 2-2: Foul Ball, location: 2F 2-2: Ball 3-2: Foul Ball, location: 2F 3-2: Fly out, F5 (Line Drive, 5, EV 68.8 MPH)
|
Batting: LHB Shunso Kiyomizu
|
0-0: Ball 1-0: Foul Ball, location: 2F 1-1: Ball 2-1: Fly out, F9 (Flyball, 9, EV 91.9 MPH)
|
Batting: LHB Marcus Shill
|
0-0: Fly out, F8 (Flyball, 8LXD, EV 100.0 MPH)
|
Bottom of the 1st over - 0 runs, 0 hits, 0 errors, 0 left on base; Houston 0 - Buckhead 0 |
TOP OF THE 2ND |
Houston 1837 BBC batting - Pitching for Buckhead Bowties : LHP Dale Hamilton
|
Batting: RHB Joey Trifone
|
0-0: Swinging Strike 0-1: Called Strike 0-2: Ball 1-2: Ball 2-2: Ball 3-2: SINGLE (Line Drive, 78M, EV 89.4 MPH)
|
Batting: SHB José Pinto
|
0-0: Ball 1-0: Foul Ball, location: 2F 1-1: Foul Ball, location: 2F 1-2: Fly out, F5 (Popup, 5F, EV 68.1 MPH)
|
Batting: LHB Bill Dixon
|
0-0: Ball 1-0: Called Strike 1-1: Swinging Strike 1-2: Ball 2-2: Foul Ball, location: 2F 2-2: Ball 3-2: Foul Ball, location: 2F 3-2: Foul Ball, location: 2F 3-2: Strikes out swinging
|
Batting: LHB César Gómes
|
0-0: Foul Ball, location: 2F 0-1: Ball 1-1: SINGLE (Groundball, 5S, EV 75.6 MPH) (infield hit) Joey Trifone to second
|
Batting: SHB Francisco Enríquez
|
0-0: Called Strike 0-1: Ball 1-1: SINGLE (Groundball, 56D, EV 106.9 MPH) Joey Trifone to third César Gómes to second Runner from 3rd tries for Home, SAFE, throw by LF to home
|
Batting: RHB Krystof Melichar
|
0-0: Ball 1-0: Fielders Choice at 2nd, 6-4 (Groundball, 6, EV 87.5 MPH)
|
Top of the 2nd over - 1 run, 3 hits, 0 errors, 2 left on base; Houston 1 - Buckhead 0 |
BOTTOM OF THE 2ND |
Buckhead Bowties batting - Pitching for Houston 1837 BBC : RHP Ean Somoza
|
Batting: LHB Jesús Encarnación
|
0-0: SINGLE (Groundball, 4MD, EV 100.6 MPH)
|
Batting: RHB Emílio Agramónte
|
0-0: Called Strike 0-1: 2-RUN HOME RUN (Flyball, 9D, EV 111.2 MPH), Distance : 368 ft
|
Batting: RHB Barsati Saraf
|
0-0: Called Strike 0-1: SINGLE (Line Drive, 9LS, EV 96.2 MPH)
|
Batting: RHB Nick Bechtel
|
0-0: Called Strike 0-1: Swinging Strike 0-2: Strikes out swinging
|
Batting: SHB Henrique de Senna Fernandes
|
0-0: Called Strike 0-1: Ball 1-1: Ground out 3-1 (Groundball, 3, EV 103.1 MPH) Barsati Saraf to second
|
Batting: RHB Pellervo Rintanen
|
0-0: Called Strike 0-1: Ball 1-1: Ball 2-1: Foul Ball, location: 2F 2-2: Fly out, F7 (Flyball, 78M, EV 81.2 MPH)
|
Bottom of the 2nd over - 2 runs, 3 hits, 0 errors, 1 left on base; Houston 1 - Buckhead 2 |
TOP OF THE 3RD |
Houston 1837 BBC batting - Pitching for Buckhead Bowties : LHP Dale Hamilton
|
Batting: RHB Jesús Recesvinto
|
0-0: Called Strike 0-1: Called Strike 0-2: Fly out, F8 (Flyball, 8RD, EV 85.6 MPH)
|
Batting: LHB Javier Seco
|
0-0: Ball 1-0: Called Strike 1-1: Called Strike 1-2: Strikes out swinging, 2-3 out at first.
|
Batting: RHB Min-gook Ch'oe
|
0-0: Ground out 1-3 (Groundball, P, EV 90.0 MPH)
|
Top of the 3rd over - 0 runs, 0 hits, 0 errors, 0 left on base; Houston 1 - Buckhead 2 |
BOTTOM OF THE 3RD |
Buckhead Bowties batting - Pitching for Houston 1837 BBC : RHP Ean Somoza
|
Batting: SHB Nuygen Vuong
|
0-0: Foul Ball, location: 2F 0-1: Ball 1-1: Swinging Strike 1-2: Foul Ball, location: 2F 1-2: Ball 2-2: Ball 3-2: Base on Balls
|
Batting: LHB Shunso Kiyomizu
|
0-0: SINGLE (Line Drive, 56, EV 108.8 MPH) Nuygen Vuong to second
|
Batting: LHB Marcus Shill
|
0-0: Ball 1-0: Ball 2-0: Ball 3-0: DOUBLE (Line Drive, 78D, EV 104.4 MPH) Nuygen Vuong scores Shunso Kiyomizu to third
|
Batting: LHB Jesús Encarnación
|
0-0: Ball 1-0: Ground out 6-3 (Groundball, 6S, EV 78.8 MPH) Shunso Kiyomizu scores Marcus Shill to third
|
Batting: RHB Emílio Agramónte
|
0-0: Ground out 5-3 (Groundball, 56, EV 106.2 MPH) Marcus Shill scores
|
Batting: RHB Barsati Saraf
|
0-0: Called Strike 0-1: Foul Ball, location: 2F 0-2: Ball 1-2: Ball 2-2: Strikes out swinging
|
Bottom of the 3rd over - 3 runs, 2 hits, 0 errors, 0 left on base; Houston 1 - Buckhead 5 |
TOP OF THE 4TH |
Houston 1837 BBC batting - Pitching for Buckhead Bowties : LHP Dale Hamilton
|
Batting: RHB Joey Trifone
|
0-0: Ground out 1-3 (Groundball, 34S, EV 68.8 MPH)
|
Batting: SHB José Pinto
|
0-0: Ball 1-0: Called Strike 1-1: Ball 2-1: SINGLE (Groundball, 56D, EV 107.5 MPH)
|
Batting: LHB Bill Dixon
|
0-0: Foul Ball, location: 2F 0-1: Fly out, F7 (Flyball, 7, EV 91.9 MPH)
|
Batting: LHB César Gómes
|
0-0: Swinging Strike 0-1: Fly out, F7 (Flyball, 7D, EV 75.0 MPH)
|
Top of the 4th over - 0 runs, 1 hit, 0 errors, 1 left on base; Houston 1 - Buckhead 5 |
BOTTOM OF THE 4TH |
Buckhead Bowties batting - Pitching for Houston 1837 BBC : RHP Ean Somoza
|
Pitching: RHP Omara Moctar
|
|
Batting: RHB Nick Bechtel
|
0-0: Called Strike 0-1: Ball 1-1: Fly out, F2 (Popup, 3SF, EV 83.1 MPH)
|
Batting: SHB Henrique de Senna Fernandes
|
0-0: SINGLE (Groundball, 4D, EV 95.0 MPH)
|
Batting: RHB Pellervo Rintanen
|
0-0: Ball 1-0: Hit by Pitch Henrique de Senna Fernandes to second
|
Batting: SHB Nuygen Vuong
|
0-0: Ball 1-0: Foul Ball, location: 2F 1-1: Ball 2-1: Foul Ball, location: 2F 2-2: Foul Ball, location: 2F 2-2: DOUBLE (Flyball, 89D, EV 93.8 MPH) Henrique de Senna Fernandes scores Pellervo Rintanen to third
|
Batting: LHB Shunso Kiyomizu
|
0-0: Called Strike 0-1: SINGLE (Line Drive, 9LS, EV 102.5 MPH) Pellervo Rintanen scores Nuygen Vuong to third Runner from 3rd tries for Home, SAFE, throw by RF to home
|
Batting: LHB Marcus Shill
|
0-0: Ball 1-0: Foul Ball, location: 2F 1-1: Swinging Strike 1-2: Ball 2-2: Strikes out swinging
|
Batting: LHB Jesús Encarnación
|
0-0: Ball 1-0: Ball 2-0: Called Strike 2-1: Foul Ball, location: 2F 2-2: Foul Ball, location: 2F 2-2: Ball 3-2: Strikes out swinging
|
Bottom of the 4th over - 3 runs, 3 hits, 0 errors, 1 left on base; Houston 1 - Buckhead 8 |
TOP OF THE 5TH |
Houston 1837 BBC batting - Pitching for Buckhead Bowties : LHP Dale Hamilton
|
Batting: SHB Francisco Enríquez
|
0-0: Ball 1-0: Called Strike 1-1: Foul Ball, location: 2F 1-2: Foul Ball, location: 2F 1-2: Ball 2-2: DOUBLE (Flyball, 8RD, EV 91.2 MPH)
|
Batting: RHB Krystof Melichar
|
0-0: Ball 1-0: Ground out 5-3 (Groundball, 5L, EV 84.4 MPH)
|
Batting: RHB Jesús Recesvinto
|
0-0: Ball 1-0: Called Strike 1-1: Foul Ball, location: 2F 1-2: Ball 2-2: Ball 3-2: Base on Balls
|
Batting: LHB Javier Seco
|
0-0: Ball 1-0: Ball 2-0: Called Strike 2-1: Ball 3-1: Base on Balls Francisco Enríquez to third Jesús Recesvinto to second
|
Batting: RHB Min-gook Ch'oe
|
0-0: Ball 1-0: Foul Ball, location: 2F 1-1: Ball 2-1: Ball 3-1: Swinging Strike 3-2: Fly out, F9 (Flyball, 9LMF, EV 107.5 MPH) Runner from 3rd tags up, SCORES, no throw by RF
|
Batting: RHB Joey Trifone
|
0-0: Swinging Strike 0-1: Foul Ball, location: 2F 0-2: Ball 1-2: Ball 2-2: Foul Ball, location: 2F 2-2: Strikes out swinging
|
Top of the 5th over - 1 run, 1 hit, 0 errors, 2 left on base; Houston 2 - Buckhead 8 |
BOTTOM OF THE 5TH |
Buckhead Bowties batting - Pitching for Houston 1837 BBC : RHP Omara Moctar
|
Pitching: RHP Dino Moonglampers
|
|
Batting: RHB Emílio Agramónte
|
0-0: Called Strike 0-1: DOUBLE (Flyball, 89D, EV 80.6 MPH)
|
Batting: RHB Barsati Saraf
|
0-0: Fly out, F9 (Flyball, 89S, EV 88.1 MPH)
|
Batting: RHB Nick Bechtel
|
0-0: Called Strike 0-1: Called Strike 0-2: Foul Ball, location: 2F 0-2: Ball 1-2: Fly out, F6 (Popup, 6, EV 60.0 MPH)
|
Batting: SHB Henrique de Senna Fernandes
|
0-0: Called Strike 0-1: Called Strike 0-2: Foul Ball, location: 2F 0-2: Fly out, F5 (Line Drive, 5, EV 68.8 MPH)
|
Bottom of the 5th over - 0 runs, 1 hit, 0 errors, 1 left on base; Houston 2 - Buckhead 8 |
TOP OF THE 6TH |
Houston 1837 BBC batting - Pitching for Buckhead Bowties : LHP Dale Hamilton
|
Pitching: LHP Jong-yong Ha
|
|
Batting: SHB José Pinto
|
0-0: Called Strike 0-1: Fly out, F9 (Flyball, 9, EV 85.0 MPH)
|
Batting: LHB Bill Dixon
|
0-0: Called Strike 0-1: Ball 1-1: Ball 2-1: Ball 3-1: Base on Balls
|
Batting: LHB César Gómes
|
0-0: Called Strike 0-1: Called Strike 0-2: Ball 1-2: Foul Ball, location: 2F 1-2: Ball 2-2: SINGLE (Line Drive, 5D, EV 96.2 MPH) Bill Dixon to second
|
Batting: SHB Francisco Enríquez
|
0-0: Ball 1-0: Ball 2-0: Ball 3-0: Called Strike 3-1: Fielders Choice at 2nd, 5-4 (Groundball, 5, EV 77.5 MPH) Bill Dixon to third
|
Batting: RHB Krystof Melichar
|
0-0: Ball 1-0: Ball 2-0: Called Strike 2-1: Swinging Strike 2-2: Ball 3-2: Ground out 6-3 (Groundball, 6S, EV 81.2 MPH)
|
Top of the 6th over - 0 runs, 1 hit, 0 errors, 2 left on base; Houston 2 - Buckhead 8 |
BOTTOM OF THE 6TH |
Buckhead Bowties batting - Pitching for Houston 1837 BBC : RHP Dino Moonglampers
|
Batting: RHB Pellervo Rintanen
|
0-0: Foul Ball, location: 2F 0-1: Swinging Strike 0-2: Ball 1-2: Foul Ball, location: 2F 1-2: Ball 2-2: Foul Ball, location: 2F 2-2: Strikes out swinging, 2-3 out at first.
|
Batting: SHB Nuygen Vuong
|
0-0: Ball 1-0: Ball 2-0: Called Strike 2-1: Ball 3-1: Called Strike 3-2: Base on Balls
|
Batting: LHB Shunso Kiyomizu
|
0-0: Foul Ball, location: 2F 0-1: Foul Ball, location: 2F 0-2: Ball 1-2: Ball 2-2: Strikes out swinging
|
Batting: LHB Marcus Shill
|
0-0: Ball 1-0: Swinging Strike 1-1: Foul Ball, location: 2F 1-2: SINGLE (Groundball, 34D, EV 96.9 MPH) Nuygen Vuong to second Runner from 2nd tries for 3rd, SAFE, throw by RF made to third
|
Batting: LHB Jesús Encarnación
|
0-0: Ball 1-0: Ball 2-0: Ball 3-0: Base on Balls Marcus Shill to second
|
Batting: RHB Emílio Agramónte
|
0-0: Ball 1-0: Foul Ball, location: 2F 1-1: Ball 2-1: Ball 3-1: Called Strike 3-2: GRAND SLAM HOME RUN (Flyball, 7LD, EV 98.1 MPH), Distance : 351 ft
|
Pitching: RHP Horiuchi Tanaka
|
|
Batting: RHB Barsati Saraf
|
0-0: Foul Ball, location: 2F 0-1: Ball 1-1: Ball 2-1: Ball 3-1: Base on Balls
|
Batting: RHB Nick Bechtel
|
0-0: Hit by Pitch Barsati Saraf to second
|
Batting: SHB Henrique de Senna Fernandes
|
0-0: Foul Ball, location: 2F 0-1: Ball 1-1: Called Strike 1-2: SINGLE (Groundball, 34D, EV 96.2 MPH) Barsati Saraf to third Nick Bechtel to second Runner from 3rd tries for Home, SAFE, throw by RF to home
|
Batting: RHB Pellervo Rintanen
|
0-0: Called Strike 0-1: Foul Ball, location: 2F 0-2: Ball 1-2: SINGLE (Groundball, 56D, EV 100.6 MPH) Nick Bechtel to third Henrique de Senna Fernandes to second Runner from 3rd tries for Home, SAFE, no throw by LF
|
Batting: SHB Nuygen Vuong
|
0-0: Ball 1-0: Hit by Pitch Henrique de Senna Fernandes to third Pellervo Rintanen to second
|
Batting: LHB Shunso Kiyomizu
|
0-0: Foul Ball, location: 2F 0-1: Ball 1-1: Swinging Strike 1-2: Strikes out swinging
|
Bottom of the 6th over - 6 runs, 4 hits, 0 errors, 3 left on base; Houston 2 - Buckhead 14 |
TOP OF THE 7TH |
Houston 1837 BBC batting - Pitching for Buckhead Bowties : LHP Jong-yong Ha
|
Batting: RHB Jesús Recesvinto
|
0-0: Ball 1-0: Ball 2-0: Ball 3-0: Base on Balls
|
Batting: LHB Javier Seco
|
0-0: Foul Ball, location: 2F 0-1: Called Strike 0-2: Ball 1-2: Foul Ball, location: 2F 1-2: Grounds into double play, 6-4-3 (Groundball, 6, EV 80.6 MPH)
|
Batting: RHB Min-gook Ch'oe
|
0-0: Ball 1-0: Ball 2-0: Ball 3-0: Foul Ball, location: 2F 3-1: Base on Balls
|
Batting: RHB Joey Trifone
|
0-0: Called Strike 0-1: Called Strike 0-2: Strikes out looking
|
Top of the 7th over - 0 runs, 0 hits, 0 errors, 1 left on base; Houston 2 - Buckhead 14 |
BOTTOM OF THE 7TH |
Buckhead Bowties batting - Pitching for Houston 1837 BBC : RHP Horiuchi Tanaka
|
Pinch Hitting: LHB Mike Gillespie
|
0-0: Called Strike 0-1: Ball 1-1: Ball 2-1: Ball 3-1: Swinging Strike 3-2: Base on Balls
|
Batting: LHB Jesús Encarnación
|
0-0: Called Strike 0-1: Ball 1-1: Swinging Strike 1-2: Strikes out swinging
|
Pinch Hitting: RHB Henry Lambright
|
0-0: Ball 1-0: Called Strike 1-1: Foul Ball, location: 2F 1-2: SINGLE (Groundball, 6MD, EV 104.4 MPH) Mike Gillespie to second
|
Pitching: RHP Millard Smith
|
|
Batting: RHB Barsati Saraf
|
0-0: Ball 1-0: Foul Ball, location: 2F 1-1: DOUBLE (Line Drive, 89XD, EV 100.0 MPH) Mike Gillespie scores Henry Lambright to third Runner from 3rd tries for Home, SAFE, throw by CF to trailing runner, OUT at third! 8-4-5
|
Batting: RHB Nick Bechtel
|
0-0: Ground out 6-3 (Groundball, 6, EV 98.8 MPH)
|
Bottom of the 7th over - 2 runs, 2 hits, 0 errors, 0 left on base; Houston 2 - Buckhead 16 |
TOP OF THE 8TH |
Houston 1837 BBC batting - Pitching for Buckhead Bowties : LHP Jong-yong Ha
|
Now in LF: Mike Gillespie
|
|
Now in RF: Jeff Mouton
|
|
Batting: SHB José Pinto
|
0-0: Called Strike 0-1: Ball 1-1: Ball 2-1: Foul Ball, location: 2F 2-2: Ball 3-2: Ground out 6-3 (Groundball, 6, EV 109.4 MPH)
|
Batting: LHB Bill Dixon
|
0-0: SINGLE (Groundball, 34D, EV 101.2 MPH)
|
Batting: LHB César Gómes
|
0-0: Swinging Strike 0-1: Called Strike 0-2: Ball 1-2: Ball 2-2: Ball 3-2: Foul Ball, location: 2F Pickoff Throw to First - Out! 1-3 3-2: Strikes out swinging
|
Top of the 8th over - 0 runs, 1 hit, 0 errors, 0 left on base; Houston 2 - Buckhead 16 |
BOTTOM OF THE 8TH |
Buckhead Bowties batting - Pitching for Houston 1837 BBC : RHP Millard Smith
|
Batting: SHB Henrique de Senna Fernandes
|
0-0: Called Strike 0-1: Ball 1-1: Swinging Strike 1-2: Ground out 4-3 (Groundball, 4D, EV 91.2 MPH)
|
Batting: RHB Pellervo Rintanen
|
0-0: Called Strike 0-1: Ball 1-1: Called Strike 1-2: Ball 2-2: Strikes out swinging
|
Batting: SHB Nuygen Vuong
|
0-0: Called Strike 0-1: Ball 1-1: Swinging Strike 1-2: Foul Ball, location: 2F 1-2: Fly out, F8 (Line Drive, 8RD, EV 85.6 MPH)
|
Bottom of the 8th over - 0 runs, 0 hits, 0 errors, 0 left on base; Houston 2 - Buckhead 16 |
TOP OF THE 9TH |
Houston 1837 BBC batting - Pitching for Buckhead Bowties : LHP Jong-yong Ha
|
Batting: SHB Francisco Enríquez
|
0-0: Ground out 5-3 (Groundball, 56S, EV 84.4 MPH)
|
Batting: RHB Krystof Melichar
|
0-0: Ball 1-0: Fly out, F8 (Line Drive, 8RD, EV 96.9 MPH)
|
Batting: RHB Jesús Recesvinto
|
0-0: Called Strike 0-1: Ball 1-1: Ball 2-1: Ground out 6-3 (Groundball, 6, EV 83.1 MPH)
|
Top of the 9th over - 0 runs, 0 hits, 0 errors, 0 left on base; Houston 2 - Buckhead 16 |
|